 Dungeon Crawl Stone Soup version 0.30-a0-210-g01b79a254e (webtiles) character file.

Game seed: 9332083959533985830

57 zishaf the Magician (level 4, -3/33 HPs)
             Began as a Djinni Venom Mage on Oct 4, 2022.
             Killed by divine providence
             ... invoked by an orc priest
              (13 damage)
             ... on level 3 of the Dungeon.
             The game lasted 00:03:30 (2164 turns).

zishaf the Magician (Djinni Venom Mage)             Turns: 2164, Time: 00:03:31

Health: -3/33      AC:  3    Str:  7    XL:     4   Next: 18%
Gold:   114        EV: 27    Int: 18    God:
                   SH:  0    Dex: 14

rFire   + + .      SeeInvis .    b - +0 short sword
rCold   x . .      Faith    .    (no shield)
rNeg    . . .      Spirit   .    a - +0 robe
rPois   ∞          Reflect  .    (no helmet)
rElec   .          Harm     .    c - +0 cloak
rCorr   .          Rampage  .    (no gloves)
Will    .....                    (boots unavailable)
Stlth   ++........               d - amulet of the acrobat
HPRegen 0.25/turn                (no ring)
MPRegen 0.00/turn                (no ring)

@: acrobatic, flying
A: sickness immunity, fire resistance 2, cold vulnerability 1, float, innate
caster, HP casting, extra vitality 1
a: no special abilities


You were on level 3 of the Dungeon.
You visited 1 branch of the dungeon, and saw 3 of its levels.

You collected 147 gold pieces.
You spent 33 gold pieces at shops.

Inventory:

Hand Weapons
 b - a +0 short sword (weapon)
Armour
 a - a +0 robe (worn)
 c - a +0 cloak (worn)
Jewellery
 d - an amulet of the acrobat (around neck)
 i - a +6 ring of strength
Scrolls
 e - a scroll of identify {unknown}
 h - a scroll of teleportation {unknown}
 j - 4 scrolls of amnesia {unknown}
 k - a scroll of poison {unknown}
 l - a scroll of immolation {unknown}
 n - a scroll of magic mapping {unknown}
 q - a scroll of enchant weapon {unknown}
Potions
 f - 2 potions of resistance {unknown}
 g - a potion of invisibility {unknown}
 m - a potion of haste {unknown}
 o - a potion of curing
 p - a potion of attraction {unknown}


   Skills:
 + Level 1.7 Fighting
 - Level 2.1 Dodging
 - Level 1.5 Stealth
 * Level 3.3 Spellcasting


You couldn't memorise any spells.
You knew the following spells:

 Your Spells              Type           Power      Damage    Failure   Level
a - Sting                 Tmut/Pois      60%        1d6       4%          1
b - Poisonous Vapours     Pois/Air       30%        N/A       6%          2
e - Beastly Appendage     Tmut           30%        N/A       4%          1
z - Mephitic Cloud        Conj/Pois/Air  15%        N/A       12%         3
A - Olgreb's Toxic Radia  Pois           15%        N/A       36%         4
Your spell library was empty.

Dungeon Overview and Level Annotations

Branches:
Dungeon (3/15)

Altars:

Shops:
D:1 ***   D:2 =


Innate Abilities, Weirdness & Mutations

You are immune to sickness and miasma.
You are immune to poison.
Your flesh is very heat resistant. (rF++)
You are vulnerable to cold. (rC-)
You float through the air rather than walking.
You learn spells naturally, not from books.
Your magical power is your life essence.
You have superior vitality. (+4 MHP)


Message History

Confirm with . or Enter, or press ? or * to list all spells.
Aiming: Poisonous Vapours (safe; 6% risk of failure)
Press: ? - help, Dir - move target, f - orc priest, p - orc
Aim: an orc priest, wielding a +0 flail Poisonous vapours surround the orc priest!
The orc priest is poisoned.
You kill the orc!
Casting: Poisonous Vapours (safe; 6% risk of failure)
Confirm with . or Enter, or press ? or * to list all spells.
Aiming: Poisonous Vapours (safe; 6% risk of failure)
Press: ? - help, Dir - move target, f/p - orc priest
Aim: an orc priest, wielding a +0 flail (poisoned) Poisonous vapours surround the orc priest!
The orc priest looks even sicker.
The orc attacks as you move away! The orc hits you with a +0 hand axe.
The orc attacks as you move away! The orc misses you.
The orc priest calls down the wrath of Beogh upon you.
Beogh smites you! The orc attacks as you move away! The orc closely misses you.
The orc attacks as you move away! The orc closely misses you.
Casting: Poisonous Vapours (safe; 6% risk of failure)
Confirm with . or Enter, or press ? or * to list all spells.
Aiming: Poisonous Vapours (safe; 6% risk of failure)
Press: ? - help, Dir - move target, f/p - orc priest
Aim: an orc priest, wielding a +0 flail (moderately wounded, poisoned) Poisonous vapours surround the orc priest!
The orc priest looks even sicker.
The orc hits you but does no damage. The orc attacks as you move away!
The orc completely misses you.
Casting: Poisonous Vapours (safe; 6% risk of failure)
Confirm with . or Enter, or press ? or * to list all spells.
Aiming: Poisonous Vapours (safe; 6% risk of failure)
Press: ? - help, Dir - move target, f/p - orc priest
Aim: an orc priest, wielding a +0 flail (heavily wounded, very poisoned) Poisonous vapours surround the orc priest!
The orc priest looks even sicker.
* * * LOW HITPOINT WARNING * * *
The orc hits you but does no damage.
The orc priest invokes the aid of Beogh against you.
Beogh smites you!
You die...

#...# ###...### ##
#.......####### .#
#.............#
.###.......### #.#
............# #.#
.........##.# #.#
.......####.####.##
.....>..........@.#
######.####.#####.#
.# #.# #.# #o# .#
#.. #.# #o# .# ###.
#(# #.# .#
....#####.# .#
#....†..# .#
####o#.## .# #.#.#


You could see an orc priest (very poisoned) and an orc.

Vanquished Creatures
  2 dart slugs
  An orc (D:3)
  A ball python (D:2)
  8 endoplasms
  3 giant cockroaches
  3 goblins
  4 hobgoblins (D:1)
  6 jackals (D:1)
  2 quokkas
  6 bats
  2 frilled lizards
  4 kobolds
  2 rats (D:2)
44 creatures vanquished.

Notes
Turn   | Place    | Note
-------+----------+-------------------------------------------
     0 | D:1      | zishaf the Djinni Venom Mage began the quest for the Orb.
     0 | D:1      | zishaf set off with the following spells memorised: Sting,
                  | Poisonous Vapours, Mephitic Cloud, Olgreb's Toxic Radiance.
     0 | D:1      | Reached XP level 1. HP: 15/15 MP: 0/0
   107 | D:1      | Reached XP level 2. HP: 19/22 MP: 0/0
   182 | D:1      | Found Onoela Wecav's General Store.
   189 | D:1      | Found Goar's General Store.
   329 | D:1      | Reached skill level 1 in Fighting
   376 | D:1      | Found Yturpho's General Store.
   385 | D:1      | Reached XP level 3. HP: 15/27 MP: 0/0
   385 | D:1      | Learned a level 1 spell: Beastly Appendage
   434 | D:1      | Found a faded altar of an unknown god.
   533 | D:1      | Reached skill level 3 in Spellcasting
  1115 | D:2      | Found Dax Boor's Jewellery Shoppe.
  1758 | D:2      | Reached XP level 4. HP: 29/32 MP: 0/0
  2004 | D:1      | Bought a potion of curing for 33 gold pieces
  2164 | D:3      | Killed from afar by an orc priest

Illustrated notes

Levels and vault maps discovered:
D:1:      kennysheep_arrival_forest, layout_basic,
          ebering_ecumenical_altar_sacrificial, serial_shops,
          nicolae_shop_statue_plus, shop_statue, nicolae_shop_statue_plus
D:2:      layout_basic, serial_shops, shop, kennysheep_small_spiral
D:3:      layout_loops_ring

Skill      XL: |  1  2  3 |
---------------+----------+-----
Fighting       | 1 |  1.7
Spellcasting   | 3 |  3.3
Dodging        | |  2.1
Stealth        | |  1.5

Action                   |  1- 3 |  4- 6 || total
-------------------------+-------+-------++-------
Melee: Short sword       |    29 |       ||    29
 Cast: Sting             |    71 |    13 ||    84
       Poisonous Vapours |     2 |     4 ||     6
 Stab: Sleeping          |     1 |       ||     1
Armor: Robe              |    13 |     2 ||    15
Dodge: Dodged            |    47 |     9 ||    56

Table legend: (Time is in decaauts)
 A = Elapsed time spent in this place.
 B = Non-inter-level travel time spent in this place.
 C = Inter-level travel time spent in this place.
 D = Time resting spent in this place.
 E = Time spent auto-exploring this place.
 F = Levels seen in this place.
 G = Mean time per level.
                   A        B        C        D        E       F      G
               +--------+--------+--------+--------+--------+-----+--------+
         Total |   2163 |   2020 |    143 |      0 |   1711 |   3 |  721.0 |
       Dungeon |   2163 |   2020 |    143 |      0 |   1711 |   3 |  721.0 |
               +--------+--------+--------+--------+--------+-----+--------+

Top non-repeatable levels by time:
     D:1: 1104 daAuts
     D:2: 957 daAuts
     D:3: 102 daAuts
